 Dungeon Crawl Stone Soup version 0.21.2-1-g0862bd23eb (webtiles) character file.

43 MordorOrchid the Ruffian (level 3, -2/33 HPs)
             Began as a Troll Wizard on Nov 30, 2019.
             Slain by an iguana (5 damage)
             ... on level 3 of the Dungeon.
             The game lasted 00:03:40 (1279 turns).

MordorOrchid the Ruffian (Troll Wizard)             Turns: 1279, Time: 00:03:40

Health: -2/33      AC:  5    Str: 15    XL:     3   Next: 37%
Magic:  5/5        EV: 10    Int: 15    God:
Gold:   157        SH:  0    Dex:  8    Spells: 0/6 levels left

rFire    . . .     SeeInvis .     - Unarmed
rCold    . . .     Gourm    +   (no shield)
rNeg     . . .     Faith    .   a - +0 robe
rPois    .         Spirit   .   b - +0 hat
rElec    .         Reflect  .   (no cloak)
rCorr    .         Harm     .   (gloves unavailable)
MR       .....                  (boots unavailable)
Stlth    +.........             (no amulet)
HPRegen  0.51/turn              (no ring)
MPRegen  0.09/turn              (no ring)

@: no status effects
A: large, unfitting armour, claws 3, fast metabolism 3, gourmand, regeneration
1, shaggy fur 1, tough skin 2
a: no special abilities


You were on level 3 of the Dungeon.
You were not hungry.

You visited 1 branch of the dungeon, and saw 3 of its levels.

You collected 157 gold pieces.

Inventory:

Missiles
 e - 81 stones (quivered)
Armour
 a - a +0 robe (worn)
 b - a +0 hat (worn)
 j - a cursed +0 shield
Scrolls
 g - a scroll of fog {unknown}
 h - a scroll of magic mapping {unknown}
 n - a scroll of enchant armour {unknown}
 p - a scroll of remove curse {unknown}
Potions
 f - 2 potions of magic
 i - a potion of resistance
 k - a potion of lignification
 l - a potion of agility
 m - a potion of flight {unknown}
Books
 c - a book of Minor Magic

   Spells                             Type                      Level
   a - Magic Dart                     Conjuration                  1
   b - Blink                          Translocation                2
   c - Call Imp                       Summoning                    2
   d - Slow                           Hexes                        2
   e - Conjure Flame                  Conjuration/Fire             3
   f - Mephitic Cloud                 Conjuration/Poison/Air       3
 o - a book of Changes

   Spells                             Type                      Level
   a - Beastly Appendage              Transmutation                1
   b - Sticks to Snakes               Transmutation                2
   c - Spider Form                    Transmutation/Poison         3
   d - Ice Form                       Ice/Transmutation            4
   e - Blade Hands                    Transmutation                5
Comestibles
 d - 4 rations


   Skills:
 * Level 1.5 Fighting
 + Level 1.6 Dodging
 - Level 1.0 Stealth
 * Level 2.1 Unarmed Combat
 - Level 2.0 Spellcasting
 * Level 0.6 Conjurations
 * Level 0.6 Summonings
 * Level 0.6 Translocations


You couldn't memorise any spells.
You knew the following spells:

 Your Spells              Type           Power        Failure   Level  Hunger
a - Beastly Appendage     Tmut           #.....       22%         1    #......
b - Call Imp              Summ           #.......     26%         2    ###....
f - Magic Dart            Conj           #...         17%         1    #......
x - Blink                 Tloc           N/A          26%         2    ###....


Dungeon Overview and Level Annotations

Branches:
Dungeon (3/15)

Altars:
Elyvilon


Innate Abilities, Weirdness & Mutations

You are too large for most types of armour.
You have claws for hands.
Your metabolism is lightning-fast.
You like to eat raw meat.
Your natural rate of healing is unusually fast.
You are covered in fur. (AC +1)
You have very tough skin. (AC +2)


Message History

The iguana bites you!
* * * LOW HITPOINT WARNING * * *
You scratch the iguana but do no damage.
The iguana is severely wounded.
The iguana bites you.
* * * LOW HITPOINT WARNING * * *
You scratch the iguana.
The iguana is almost dead.
The iguana bites you but does no damage.
You scratch the iguana but do no damage.
The iguana is almost dead.
The iguana bites you.
* * * LOW HITPOINT WARNING * * *
You scratch the iguana.
The iguana is almost dead.
The iguana barely misses you.
You completely miss the iguana.
The iguana is almost dead.
The iguana bites you.
You die...

##.##### #.#
##.# #..#
#.## #.# #.#
#.###########
#....@l......
#.###########
#.# ... ....
##... ##.##
#.


You could see an iguana.

Vanquished Creatures
  2 adders
  2 dart slugs (D:1)
  2 goblins
  A hobgoblin (D:1)
  A quokka (D:1)
  A ball python (D:1)
  6 bats
  2 frilled lizards (D:1)
  3 kobolds
  4 rats
24 creatures vanquished.

Vanquished Creatures (others)
  A goblin (D:2)
  A quokka (D:2)
2 creatures vanquished.

Grand Total: 26 creatures vanquished

Notes
Turn   | Place    | Note
-------+----------+-------------------------------------------
     0 | D:1      | MordorOrchid the Troll Wizard began the quest for the Orb.
     0 | D:1      | Reached XP level 1. HP: 16/16 MP: 2/2
   168 | D:1      | Reached skill level 1 in Unarmed Combat
   168 | D:1      | Reached XP level 2. HP: 24/26 MP: 4/4
   175 | D:1      | Learned a level 2 spell: Blink
   178 | D:1      | Learned a level 2 spell: Call Imp
   221 | D:1      | Reached skill level 1 in Fighting
   832 | D:2      | Reached XP level 3. HP: 26/33 MP: 0/5
   943 | D:2      | Found a white marble altar of Elyvilon.
  1029 | D:2      | Learned a level 1 spell: Beastly Appendage
  1189 | D:2      | Found a faded altar of an unknown god.
  1279 | D:3      | Slain by an iguana

Skill      XL: |  1  2 |
---------------+-------+-----
Unarmed Combat | 1 2 |  2.1
Fighting       | 1 |  1.5
Dodging        | |  1.6
Stealth        | |  1.0
Spellcasting   | |  2.0
Conjurations   | |  0.6
Summonings     | |  0.6
Translocations | |  0.6

Action                   || total
-------------------------++-------
Melee: Unarmed           ||    76
 Cast: Magic Dart        ||    19
       Beastly Appendage ||     1
  Use: Scroll            ||     4
 Stab: Sleeping          ||     1
  Eat: Chunk             ||    12
Armor: Robe              ||    24
Dodge: Dodged            ||    40
